 Dungeon Sprint DCSS version 0.27-a0-67-g4bfc8a49e1 (webtiles) character file.

Game seed: 15023798410110583781

1146 mhtbhm the Blocker (level 8, 0/121 HPs)
             Began as a Minotaur Fighter on Jan 9, 2021.
             Was a Plaything of Xom.
             Killed from afar by an orc wizard (9 damage)
             ... with a magic dart
             ... in the Dungeon (Sprint IX: "|||||||||||||||||||||||||||||").
             The game lasted 00:02:19 (241 turns).

mhtbhm the Blocker (Minotaur Fighter)                Turns: 241, Time: 00:02:19

Health: 0/121      AC: 12    Str: 24    XL:     8   Next: 15%
Magic:  7/7        EV: 13    Int:  5    God:    Xom [...*..]
Gold:   0          SH: 13    Dex:  9    Spells: 7/7 levels left

rFire    . . .     SeeInvis .   a - +2 scimitar of Compound Interest {flame, rElec Stlth+}
rCold    . . .     Faith    .   c - +0 kite shield
rNeg     . . .     Spirit   .   b - +1 scale mail
rPois    .         Reflect  .   (helmet restricted)
rElec    +         Harm     .   (no cloak)
rCorr    .         Rampage  .   (no gloves)
Will     .....     NoTele   +   (no boots)
Stlth    ..........             (no amulet)
HPRegen  0.30/turn              n - +2 ring of evasion
MPRegen  0.10/turn              o - +2 ring of protection

@: berserking (expiring), lethally poisoned (0 -> -2), slowed
A: retaliatory headbutt, horns 2
a: Renounce Religion


You were in the Dungeon.
You worshipped Xom.
You were a favourite toy of Xom.
You visited 1 branch

Inventory:

Hand Weapons
 a - the +2 scimitar of Compound Interest (weapon) {flame, rElec Stlth+}
   (You found it in the Dungeon)

   It has been specially enchanted to burn those struck by it, causing extra
   injury to most foes and up to half again as much damage against particularly
   susceptible opponents.
   Big, fiery blades are also staple armaments of hydra-hunters.
   It insulates you from electricity.
   It makes you more stealthy.
Armour
 b - a +1 scale mail (worn)
 c - a +0 kite shield (worn)
Jewellery
 n - a +2 ring of evasion (left hand)
 o - a +2 ring of protection (right hand)
Wands
 m - a wand of iceblast (10)
Scrolls
 j - 2 scrolls of blinking
 k - 3 scrolls of remove curse
 l - 2 scrolls of amnesia
Potions
 d - a potion of might
 e - 5 potions of curing
 f - 3 potions of heal wounds
 g - a potion of haste
 h - 4 potions of magic
 i - a potion of invisibility


   Skills:
 + Level 10.6 Fighting
 + Level 9.6 Long Blades
 + Level 11.2 Armour
 + Level 3.9 Dodging
 + Level 12.1 Shields


You had 7 spell levels left.
You didn't know any spells.
Your spell library was empty.

Dungeon Overview and Level Annotations

Branches:
Dungeon (1/1)

Altars:
Cheibriados
Dithmenos
Elyvilon
Fedhas
Gozag
Hepliaklqana
Kikubaaqudgha
Makhleb
Nemelex Xobeh
Okawaru
Qazlal
Ru
Sif Muna
Trog
Uskayaw
Vehumet
Wu Jian
Xom
Yredelemnul
Zin
The Shining One
Beogh
Jiyva
Lugonu


Innate Abilities, Weirdness & Mutations

You reflexively headbutt those who attack you in melee.
You have a pair of horns on your head.


Message History

The two-headed ogre barely misses you. You furiously retaliate!
You headbutt the two-headed ogre!
You riposte.
You slice the two-headed ogre!! You burn the two-headed ogre!
You kill the two-headed ogre!
Your Fighting skill increases to level 10!
Your Long Blades skill gained 2 levels and is now at level 9!
Your Armour skill gained 2 levels and is now at level 11!
Your Shields skill gained 2 levels and is now at level 12!
You have reached level 8!
You feel stronger.
You feel sick. Something hits you but does no damage.
There is an open door to the Dungeon, spattered with blood here.
Things that are here:
a cursed -2 giant club; a cursed -1 giant club; a wyvern corpse You miss something.
Your headbutt misses something.
You hear some strange, mumbled words.
A magic dart appears from out of thin air!
The magic dart hits you!
You die...
Xom yawns loudly!

▓+▓
▓.▓
▓.▓
▓.▓
▓Z▓
▓o▓
▓{▓
▓@▓
▓.▓
▓.▓
▓.▓
▓[▓
▓[▓
▓)▓
▓)▓
▓.▓


You could see an orc and a bat skeleton.

Vanquished Creatures
  A two-headed ogre (D)
  A hornet (D)
  A wyvern (D)
  A sky beast (D)
  A scorpion (D)
  An orc wizard (D)
  An ufetubus (D)
  A bat (D)
  A goblin (D)
  A hobgoblin (D)
  A jackal (D)
  A frilled lizard (D)
  A rat (D)
13 creatures vanquished.

Notes
Turn   | Place    | Note
-------+----------+-------------------------------------------
     0 | D        | mhtbhm the Minotaur Fighter began the quest for the Orb.
     0 | D        | Reached XP level 1. HP: 19/19 MP: 0/0
     6 | D        | Reached skill level 4 in Shields
    20 | D        | Noticed a scorpion
    20 | D        | Noticed a sky beast
    20 | D        | Noticed an orc wizard
    29 | D        | Killed an orc wizard
    30 | D        | Reached skill level 5 in Fighting
    30 | D        | Reached skill level 5 in Armour
    30 | D        | Reached skill level 5 in Shields
    30 | D        | Reached XP level 2. HP: 10/29 MP: 1/1
    30 | D        | Reached XP level 3. HP: 12/36 MP: 2/2
    38 | D        | Killed a sky beast
    39 | D        | Reached skill level 5 in Long Blades
    39 | D        | Reached skill level 1 in Dodging
    39 | D        | Reached skill level 7 in Shields
    39 | D        | Reached XP level 4. HP: 24/45 MP: 3/3
    43 | D        | Reached skill level 8 in Shields
    43 | D        | Reached XP level 5. HP: 29/52 MP: 4/4
    47 | D        | Found a roughly hewn altar of Beogh.
    47 | D        | Found a snail-covered altar of Cheibriados.
    47 | D        | Found a shadowy altar of Dithmenos.
    47 | D        | Found a white marble altar of Elyvilon.
    47 | D        | Found a blossoming altar of Fedhas.
    47 | D        | Found an opulent altar of Gozag.
    48 | D        | Found a hazy altar of Hepliaklqana.
    49 | D        | Found a viscous altar of Jiyva.
    50 | D        | Found an ancient bone altar of Kikubaaqudgha.
    51 | D        | Found a corrupted altar of Lugonu.
    52 | D        | Found a burning altar of Makhleb.
    53 | D        | Found a sparkling altar of Nemelex Xobeh.
    54 | D        | Found an iron altar of Okawaru.
    55 | D        | Found a stormy altar of Qazlal.
    56 | D        | Found a sacrificial altar of Ru.
    57 | D        | Found a shimmering blue altar of Sif Muna.
    58 | D        | Found a bloodstained altar of Trog.
    59 | D        | Found a hide-covered altar of Uskayaw.
    60 | D        | Found a radiant altar of Vehumet.
    61 | D        | Found an ornate altar of the Wu Jian Council.
    62 | D        | Found a shimmering altar of Xom.
    63 | D        | Found a basalt altar of Yredelemnul.
    64 | D        | Found a glowing silver altar of Zin.
    65 | D        | Found a glowing golden altar of the Shining One.
   178 | D        | Became a worshipper of Xom of Chaos
   195 | D        | Got the +2 scimitar of Compound Interest {flame, rElec
                  | Stlth+}
   225 | D        | Noticed a two-headed ogre
   225 | D        | Noticed a wyvern
   225 | D        | Noticed a hornet
   230 | D        | Paralysed by a hornet for 3 turns
   236 | D        | Killed a hornet
   236 | D        | XOM: potion effect (berserk rage)
   237 | D        | Reached skill level 10 in Shields
   237 | D        | Reached XP level 6. HP: 9/62 MP: 5/5
   238 | D        | Killed a wyvern
   239 | D        | Reached XP level 7. HP: 8/70 MP: 6/6
   239 | D        | Killed a two-headed ogre
   240 | D        | Reached skill level 10 in Fighting
   240 | D        | Reached skill level 12 in Shields
   240 | D        | Reached XP level 8. HP: 10/81 MP: 7/7
   241 | D        | Killed from afar by an orc wizard

Illustrated notes

Levels and vault maps discovered:
D:        linesprint [early_d, line_temple, items_1, d_10, items_2, lair_1,
          lair_end, items_3, orc_1, orc_end, items_4, d_15, swamp_1, shoals_1,
          snake_1, spider_1, d_20, vaults_1, items_5, swamp_end, shoals_end,
          snake_end, spider_end, vaults_end, d_27, items_6, zot_1, zot_end,
          crypt_end, forest_end, elf_end, slime_end, tomb_end, abyss_end,
          pan_hell_end]

Skill      XL: |  1  2  3  4  5  6  7 |
---------------+----------------------+-----
Fighting       | 5 6 7 8 9 10 | 10.6
Armour         | 5 6 7 9 11 | 11.2
Shields        | 5 7 8 10 12 | 12.1
Long Blades    | 4 5 7 9 |  9.6
Dodging        | 1 2 3 |  3.9

Action                   |  1- 3 |  4- 6 |  7- 9 || total
-------------------------+-------+-------+-------++-------
Melee: Long sword        |    26 |     3 |       ||    29
       Headbutt          |     6 |     4 |       ||    10
       Scimitar          |       |    11 |     2 ||    13
  Use: Potion            |     1 |       |       ||     1
Armor: Scale mail        |     8 |     3 |     1 ||    12
Dodge: Dodged            |     8 |     8 |     1 ||    17
Block: Kite shield       |     9 |    11 |       ||    20
       Rpst.: Long sword |     3 |       |       ||     3
       Scimitar          |       |     2 |     1 ||     3

Table legend: (Time is in decaauts)
 A = Elapsed time spent in this place.
 B = Non-inter-level travel time spent in this place.
 C = Inter-level travel time spent in this place.
 D = Time resting spent in this place.
 E = Time spent auto-exploring this place.
 F = Levels seen in this place.
 G = Mean time per level.
                   A        B        C        D        E       F      G
               +--------+--------+--------+--------+--------+-----+--------+
         Total |    260 |    260 |      0 |      6 |      3 |   1 |  260.0 |
       Dungeon |    260 |    260 |      0 |      6 |      3 |   1 |  260.0 |
               +--------+--------+--------+--------+--------+-----+--------+

Top non-repeatable levels by time:
       D: 260 daAuts
